AoeStats
← u990221

Arena

509373162Analyzed
2v2 RM · 5d ago on Sep 26, 2026· 40m 35s· 4 players
Game mode
Random Map
Map size
Medium (4 player)
Population
200
Speed
Normal
Resources
Standard
Victory
Conquest
Starting age
Dark Age
Ending age
Imperial Age
RankedLock teamsTeams togetherTeam positionsShared explorationLock speedFull tech treeHidden civsTurbo modeCheats
Victory
Defeat
🇨🇳 Goths · China
1149
+17
🇺🇸 Italians · United States
1147
+16
🇹🇼 Danes · Taiwan
1176
-17
🇹🇼 Saxons · Taiwan
1153
-16
Lucci
10:49 Feudal Age
12:11 Double-Bit Axe
12:31 Horse Collar
15:01 Castle Age
12:56 Fletching
13:19 Fletching
16:00 Bow Saw
16:07 Bow Saw
15:28 Crossbowman
21:58 Bodkin Arrow
22:12 Loom
25:43 Wheelbarrow
25:00 Gold Mining
25:00 Stone Mining
29:07 Imperial Age
27:45 Wheelbarrow
27:46 Stone Shaft Mining
27:14 Heavy Plow
27:29 Padded Archer Armor
27:52 Town Watch
29:11 Leather Archer Armor
30:51 Chemistry
30:03 Bracer
31:11 Hand Cart
31:44 Ring Archer Armor
33:05 Bloodlines
32:15 Light Cavalry
33:28 Ballistics
33:53 Hussar
34:39 Scale Barding Armor
34:44 Forging
36:30 Husbandry
36:52 Conscription
36:41 Thumb Ring
37:29 Chain Barding Armor
37:44 Iron Casting
39:13 Plate Barding Armor
39:13 Iron Casting
40:24 Pirotechnia
mapusaurus roseae
11:34 Feudal Age
15:14 Castle Age
13:31 Double-Bit Axe
14:24 Horse Collar
16:20 Bow Saw
23:14 Scale Mail Armor
25:29 Chain Mail Armor
26:06 Heavy Plow
26:37 Squires
28:17 Wheelbarrow
31:22 Gold Mining
32:13 Stone Mining
35:16 Imperial Age
33:15 Hand Cart
32:45 Town Watch
32:46 Loom
32:50 Man-at-Arms
33:44 Forging
34:33 Anarchy
33:59 Long Swordsman
37:10 Iron Casting
38:13 Two-Man Saw
36:38 Two-Handed Swordsman
39:04 Blast Furnace
38:23 Anarchy
38:58 Conscription
39:39 Perfusion
39:04 Champion
41:09 Town Patrol
Andre114514
10:03 Feudal Age
14:39 Castle Age
13:13 Double-Bit Axe
13:15 Horse Collar
15:25 Light Cavalry
19:20 Town Watch
28:12 Wheelbarrow
27:23 Loom
27:46 Gold Mining
27:46 Stone Mining
28:35 Scale Mail Armor
28:45 Forging
31:24 Imperial Age
29:20 Bow Saw
30:03 Wheelbarrow
29:42 Scale Mail Armor
30:56 Heavy Plow
31:14 Hand Cart
31:17 Forging
31:42 Chain Mail Armor
31:41 Fortified Wall
31:14 Treadmill Crane
32:41 Gold Shaft Mining
32:52 Iron Casting
34:27 Plate Mail Armor
33:25 Elite Hearth Troop
33:41 Shield Wall
35:58 Fletching
36:09 Padded Archer Armor
36:50 Conscription
37:23 Squires
37:11 Gambesons
37:12 Arson
38:15 Bodkin Arrow
38:35 Leather Archer Armor
37:45 Elite Skirmisher
38:30 Thumb Ring
39:54 Bracer
40:24 Ring Archer Armor
u990221
10:27 Feudal Age
14:52 Castle Age
13:10 Double-Bit Axe
16:10 Horse Collar
21:50 Wheelbarrow
24:00 Bow Saw
23:55 Heavy Plow
25:05 Gold Mining
26:43 Hand Cart
31:24 Imperial Age
29:34 Scale Mail Armor
29:44 Forging
30:35 Hamask
31:25 Loom
31:26 Town Watch
32:09 Onager
33:12 Chain Mail Armor
33:50 Gold Shaft Mining
33:40 Conscription
36:53 Elite Jomsviking
Connection lost

Rejoining the realm…

Still unreachable

The connection could not be restored.

Session expired

The server has moved on; the page needs a fresh start.